 Dungeon Crawl Stone Soup version 0.32-a0-893-gf85d74f360 (webtiles) character file.

Game seed: 12427244790368413738

235 GiantSquids the Shooter (level 6, -2/44 HPs)
             Began as a Coglin Hunter on Apr 3, 2024.
             Slain by Pikel
             ... wielding a +0 whip of freezing
              (4 damage)
             ... on level 4 of the Dungeon.
             The game lasted 00:06:11 (2170 turns).

GiantSquids the Shooter (Coglin Hunter)             Turns: 2170, Time: 00:06:12

Health: -2/44      AC:  4    Str: 12    XL:     6   Next: 5%
Magic:  6/6        EV: 11    Int:  8    God:
Gold:   203        SH:  0    Dex: 19    Spells: 5/5 levels left

rFire   . . .        a - +2 sling {Gottfried}
rCold   . . .        d - +0 sling {Enrique}
rNeg    . . .        c - +0 leather armour
rPois   .            (no helmet)
rElec   .            (no cloak)
rCorr   .            (no gloves)
SInv    .            s - +0 pair of boots
Will    .....        (amulet unavailable)
Stlth   ++           (ring unavailable)
HPRegen 0.27/turn    (ring unavailable)
MPRegen 0.10/turn    (no gizmo)

%: no passive effects
@: revved
A: off-hand wielding, slow wielding, warmup strikes, no jewellery
a: Invent Gizmo


You were on level 4 of the Dungeon.
You visited 1 branch of the dungeon, and saw 4 of its levels.

You collected 203 gold pieces.

Inventory:

Hand Weapons
 a - a +2 sling (weapon) {Gottfried}
 d - a +0 sling (offhand) {Enrique}
Armour
 c - a +0 leather armour (worn)
 s - a +0 pair of boots (worn)
Scrolls
 b - a scroll of butterflies
 g - a scroll of immolation {unknown}
 i - 3 scrolls of identify {unknown}
 j - 3 scrolls of fear {unknown}
 k - 7 scrolls of teleportation {unknown}
 m - a scroll of fog {unknown}
 n - a scroll of amnesia {unknown}
 o - a scroll of enchant weapon {unknown}
 p - a scroll of noise {unknown}
 t - 3 scrolls of poison {unknown}
Potions
 e - 2 potions of cancellation {unknown}
 f - 2 potions of heal wounds {unknown}
 h - 2 potions of might {unknown}
 l - a potion of curing {unknown}
 q - a potion of berserk rage {unknown}
 r - 2 potions of brilliance {unknown}


   Skills:
 - Level 2.0 Fighting
 + Level 6.5 Ranged Weapons
 - Level 1.7 Dodging
 - Level 0.7 Stealth


You had 5 spell levels left.
You didn't know any spells.
Your spell library contained the following spells:

 Spells                   Type           Power      Damage    Failure   Level
 Call Canine Familiar     Summ           0%         N/A       86%         3
 Hailstorm                Conj/Ice       0%         3d5       86%         3
 Sigil of Binding         Hex            0%         N/A       86%         3
 Summon Ice Beast         Ice/Summ       0%         N/A       86%         3
 Dimensional Bullseye     Hex/Tloc       0%         N/A       99%         4
 Permafrost Eruption      Ice/Erth       0%         2x4d1     100%        6
 Sculpt Simulacrum        Ice/Alch       0%         N/A       100%        6


Dungeon Overview and Level Annotations

Branches:
Dungeon (4/15)
 Temple: D:4-7

Altars:
Kikubaaqudgha

Shops:
D:2 !

Annotations:
D:4 3 runed translucent doors, Arkalis's ghost, amateur DsBe; Pikel


Innate Abilities, Weirdness & Mutations

You can wield a second weapon in your off-hand.
It takes a long time for you to wield or remove held weapons.
Your first few attacks do less damage.
You cannot equip rings or amulets.


Message History

You shoot a sling bullet. The sling bullet closely misses Pikel.
The sling bullet hits the lemure.
The lemure is heavily wounded.
Pikel says, "You'll feel the lick of my whip!"
Pikel closely misses you.
You shoot a sling bullet. The sling bullet closely misses Pikel.
The sling bullet barely misses the lemure. x2
You shoot a sling bullet.
The sling bullet hits Pikel but does no damage.
Pikel is severely wounded.
Pikel hits you with a +0 whip of freezing.
Pikel freezes you.
You shoot a sling bullet. The sling bullet hits Pikel.
Pikel is severely wounded.
You shoot a sling bullet.
The sling bullet completely misses Pikel.
The sling bullet hits the lemure but does no damage.
The lemure is heavily wounded.
Pikel closely misses you.
You shoot a sling bullet.
The sling bullet hits Pikel but does no damage.
Pikel is severely wounded.
You shoot a sling bullet. The sling bullet closely misses Pikel.
The sling bullet barely misses the lemure.
The sling bullet hits the lemure.
The lemure is almost dead.
Pikel hits you with a +0 whip of freezing!
* * * LOW HITPOINT WARNING * * *
Pikel freezes you.
* * * LOW HITPOINT WARNING * * *
You shoot a sling bullet.
The sling bullet hits Pikel but does no damage.
Pikel is severely wounded.
You shoot a sling bullet. The sling bullet misses Pikel.
The sling bullet closely misses the lemure.
The sling bullet hits the lemure but does no damage.
The lemure is almost dead.
Pikel hits you with a +0 whip of freezing.
You die...
Pikel says, "Another soul for the market."

##..
..##..####(#
# #.$ ##.#
#.##.#... #.#
#........ #.#
#.#..#...
##.## #.##.#
#########<..#
#.# ...
....<.......#
#)# #..
#########...#
#.###5###.
#####
#.@K55....
#####5###.


You could see Pikel and 4 lemures.

Vanquished Creatures
  A phantom (D:4)
  Jessica (D:2)
  Terence (D:2)
  An orc wizard (D:3)
  2 adders (D:2)
  A dart slug (D:1)
  5 orcs (D:3)
  8 bats
  5 endoplasms
  A giant cockroach (D:2)
  6 goblins
  7 hobgoblins
  8 kobolds
  3 quokkas
  5 ball pythons
  A frilled lizard (D:3)
  7 rats
63 creatures vanquished.

Notes
Turn   | Place    | Note
-------+----------+-------------------------------------------
     0 | D:1      | GiantSquids the Coglin Hunter began the quest for the Orb.
     0 | D:1      | Reached XP level 1. HP: 16/16 MP: 1/1
    79 | D:1      | Reached skill level 4 in Ranged Weapons
    79 | D:1      | Reached XP level 2. HP: 22/22 MP: 2/2
   580 | D:1      | Reached XP level 3. HP: 27/27 MP: 3/3
   762 | D:2      | Noticed Jessica
   765 | D:2      | Killed Jessica
   766 | D:2      | Reached skill level 5 in Ranged Weapons
   766 | D:2      | Reached XP level 4. HP: 33/33 MP: 4/4
  1000 | D:2      | Noticed Terence
  1008 | D:2      | Killed Terence
  1127 | D:2      | Found a faded altar of an unknown god.
  1164 | D:2      | Found Vum Xesh's Distillery.
  1324 | D:3      | Reached XP level 5. HP: 38/38 MP: 5/5
  1665 | D:3      | Found an ancient bone altar of Kikubaaqudgha.
  1960 | D:3      | Reached skill level 6 in Ranged Weapons
  2034 | D:4      | Noticed a phantom
  2040 | D:4      | Killed a phantom
  2041 | D:4      | Reached XP level 6. HP: 42/44 MP: 6/6
  2056 | D:4      | Found a runed translucent gate.
  2056 | D:4      | Found a runed translucent gate.
  2056 | D:4      | Found a runed translucent gate.
  2056 | D:4      | Noticed Arkalis's ghost (amateur DsBe)
  2152 | D:4      | Noticed Pikel
  2169 | D:4      | HP: 2/44 [Pikel/+0 whip of freezing (4)]
  2170 | D:4      | Slain by Pikel

Illustrated notes

Levels and vault maps discovered:
D:1:      arrival_zaba_pyramid, layout_basic
D:2:      layout_rooms, serial_shops, nicolae_shop_rolling_square,
          shapermc_ecumenical_altar_mp_vishouse, uniq_terence, uniq_jessica
D:3:      layout_loops_ring, nicolae_overflow_crystal_walls
D:4:      layout_loops_ring, kennysheep_okawaru_gauntlet,
          gammafunk_temple_overflow_wave, gammafunk_ghost_nasty_kobolds,
          nicolae_shop_distant_corner_stores,
          eino_small_chamber_without_monster, hangedman_decor_clover_reticule,
          uniq_pikel, uniq_crazy_yiuf_cottage

Skill      XL: |  1  2  3  4  5 |
---------------+----------------+-----
Ranged Weapons | 4 5 6 |  6.5
Fighting       | |  2.0
Dodging        | |  1.7
Stealth        | |  0.7

Action                     |  1- 3 |  4- 6 || total
---------------------------+-------+-------++-------
   Fire: Sling             |   108 |   196 ||   304
 Armour: Leather armour    |     5 |    19 ||    24
  Dodge: Dodged            |    10 |    12 ||    22

Table legend: (Time is in decaauts)
 A = Elapsed time spent in this place.
 B = Non-inter-level travel time spent in this place.
 C = Inter-level travel time spent in this place.
 D = Time resting spent in this place.
 E = Time spent auto-exploring this place.
 F = Levels seen in this place.
 G = Mean time per level.
                   A        B        C        D        E       F      G
               +--------+--------+--------+--------+--------+-----+--------+
         Total |   2196 |   2105 |     91 |      0 |   1783 |   4 |  549.0 |
       Dungeon |   2196 |   2105 |     91 |      0 |   1783 |   4 |  549.0 |
               +--------+--------+--------+--------+--------+-----+--------+

Top non-repeatable levels by time:
     D:1: 730 daAuts
     D:3: 720 daAuts
     D:2: 593 daAuts
     D:4: 151 daAuts
